AoeStats
← KOMODOKID614

Arena

504743205Analyzed
1v1 RM · 27d ago on Sep 6, 2026· 47m 3s· 2 players
Game mode
Random Map
Map size
Tiny (2 player)
Population
200
Speed
Normal
Resources
Standard
Victory
Conquest
Starting age
Dark Age
Ending age
Imperial Age
RankedLock teamsTeams togetherTeam positionsShared explorationLock speedFull tech treeHidden civsTurbo modeCheats
Victory
Defeat
🇺🇸 Vietnamese · United States
404
+17
🇳🇱 Spanish · Netherlands
429
-17
KOMODOKID614
9:04 Loom
10:49 Feudal Age
13:04 Wheelbarrow
12:15 Town Watch
12:19 Double-Bit Axe
12:33 Town Watch
13:28 Wheelbarrow
15:33 Horse Collar
22:53 Castle Age
23:58 Hand Cart
23:44 Town Patrol
27:02 Bow Saw
28:29 Forging
28:27 Scale Barding Armor
33:53 Bloodlines
33:43 Husbandry
34:21 Iron Casting
34:07 Chain Barding Armor
36:58 Squires
36:44 Arson
46:59 Imperial Age
vin_kle85
10:19 Feudal Age
23:11 Castle Age
22:00 Gold Mining
33:15 Elite Skirmisher
Connection lost

Rejoining the realm…

Still unreachable

The connection could not be restored.

Session expired

The server has moved on; the page needs a fresh start.